 Dungeon Crawl Stone Soup version 0.23.0-3-gf3c87f2df8 (webtiles) character file.

Game seed: 16164920244094706432

60 DildoBatman the Conjurer (level 4, 0/27 HPs)
             Began as an Octopode Wizard on Feb 22, 2019.
             Slain by an orc wizard
             ... wielding a +2 dagger of holy wrath
              (3 damage)
             ... on level 2 of the Dungeon.
             The game lasted 00:04:06 (977 turns).

DildoBatman the Conjurer (Octopode Wizard)           Turns: 977, Time: 00:04:06

Health: 0/27       AC:  1    Str:  6    XL:     4   Next: 6%
Magic:  2/8        EV: 13    Int: 21    God:
Gold:   40         SH:  0    Dex: 10    Spells: 2/9 levels left

rFire    . . .     SeeInvis .   a - +2 dagger (holy)
rCold    + . .     Gourm    .   (no shield)
rNeg     . . .     Faith    .   g - +0 hat
rPois    .         Spirit   .   (no amulet)
rElec    .         Reflect  .   c - ring of protection from cold
rCorr    .         Harm     .   h - ring of teleportation (curse)
MR       .....     Rnd*Tele +   (no ring)
Stlth    +++.......             (no ring)
HPRegen  0.09/turn              (no ring)
MPRegen  0.11/turn              (no ring)
                                (no ring)
                                (no ring)

@: no status effects
A: almost no armour, stealthy swim, amphibious, 8 rings, constrict 8, camouflage
1, gelatinous body 1
a: no special abilities


You were on level 2 of the Dungeon.
You were not hungry.

You visited 1 branch of the dungeon, and saw 2 of its levels.

You collected 40 gold pieces.

Inventory:

Hand Weapons
 a - a +2 dagger of holy wrath (weapon)
Missiles
 d - 45 bolts
 e - 38 arrows
 i - 49 stones (quivered)
Armour
 g - a +0 hat (worn)
Jewellery
 c - a ring of protection from cold (left tentacle)
 h - a cursed ring of teleportation (right tentacle)
Scrolls
 f - a scroll of amnesia
 j - a scroll of teleportation {unknown}
 l - a scroll of blinking
 n - a scroll of enchant weapon {unknown}
Potions
 k - a potion of invisibility {unknown}
 m - a potion of agility {unknown}
Comestibles
 b - 5 chunks of flesh
 v - a ration


   Skills:
 - Level 2.0 Dodging
 - Level 2.6 Stealth
 - Level 3.0 Spellcasting
 * Level 3.8 Conjurations
   Level 1.0 Summonings
   Level 1.0 Translocations


You had 2 spell levels left.
You knew the following spells:

 Your Spells              Type           Power        Failure   Level  Hunger
a - Conjure Flame         Conj/Fire      ##......     19%         3    ###....
c - Magic Dart            Conj           ###.         2%          1    None
e - Mephitic Cloud        Conj/Pois/Air  #.......     24%         3    ###....

Your spell library contained the following spells:

 Spells                   Type           Power        Failure   Level  Hunger
 Blink                    Tloc           N/A          13%         2    ##.....
 Call Imp                 Summ           #.......     13%         2    ##.....
 Slow                     Hex            #.......     21%         2    ##.....


Dungeon Overview and Level Annotations

Branches:
Dungeon (2/15)

Altars:


Innate Abilities, Weirdness & Mutations

You cannot wear most types of armour.
You are very stealthy in the water. (Stealth+)
You are amphibious.
You can wear up to eight rings at the same time.
You can use your tentacles to constrict eight enemies at once.
Your skin changes colour to match your surroundings (Stealth+).
Your rubbery body absorbs attacks. (AC +1, EV +1)


Message History

The orc barely misses you.
You hit the orc.
You kill the orc!
Found a trident.
You see here a rat corpse.
You hear some strange, mumbled words.
You are confused.
A puff of flame appears from out of thin air!
The puff of flame hits you!
Ouch! That really hurt!
A magic dart appears from out of thin air!
The magic dart hits you!
Found 22 stones and a scroll of identify.
You're too confused to move!
Unknown command.
You miss something. You squeeze something.
You feel less confused. Something hits you.
You die...

#..#.# ... #.#..#.#
#.# #?#..#.#
#)#######
#.#..#†####.#......
#.#...........# #.
#.#........$..# #.
#(#..........## #.
#.#....÷..##.#####.
#>@..#.#>..#.#.....
#..............#.###.
#.##...#.###...#.###.
# ##....# #<........
#.##.###.....###.
#.##..[..........
#.##.##.#...###.. ..
#.##### #.# #.# #..


There were no monsters in sight!

Vanquished Creatures
  6 dart slugs (D:1)
  4 leopard geckos (D:1)
  3 orcs (D:2)
  2 giant cockroaches (D:1)
  5 goblins (D:1)
  3 hobgoblins
  3 jackals (D:1)
  A quokka (D:2)
  2 ball pythons
  2 bats
  2 frilled lizards
  4 kobolds (D:1)
  4 rats
41 creatures vanquished.

Notes
Turn   | Place    | Note
-------+----------+-------------------------------------------
     0 | D:1      | DildoBatman the Octopode Wizard began the quest for the
                  | Orb.
     0 | D:1      | Reached XP level 1. HP: 11/11 MP: 4/4
    74 | D:1      | Reached XP level 2. HP: 8/17 MP: 0/6
   259 | D:1      | Reached XP level 3. HP: 7/21 MP: 7/7
   266 | D:1      | Learned a level 3 spell: Conjure Flame
   270 | D:1      | Learned a level 3 spell: Mephitic Cloud
   959 | D:2      | Reached XP level 4. HP: 27/27 MP: 1/8
   977 | D:2      | Slain by an orc wizard

Skill      XL: |  1  2  3 |
---------------+----------+-----
Conjurations   | 2 3 |  3.8
Dodging        | |  2.0
Stealth        | |  2.6
Spellcasting   | |  3.0
Summonings     | |  1.0
Translocations | |  1.0

Action                   |  1- 3 |  4- 6 || total
-------------------------+-------+-------++-------
Melee: Unarmed           |    24 |       ||    24
       Constrict         |    15 |     1 ||    16
       Tentacles         |    10 |     1 ||    11
       Dagger            |    20 |     3 ||    23
 Cast: Magic Dart        |    55 |     2 ||    57
  Use: Scroll            |     2 |       ||     2
 Stab: Sleeping          |     3 |       ||     3
Armor: Skin              |     4 |       ||     4
Dodge: Dodged            |    52 |     3 ||    55
